 Dungeon Crawl Stone Soup version 0.20.1-1-g8b1a95d (webtiles) character file.

4998 ampet the Cruncher (level 10, 0/102 HPs)
             Began as an Ogre Wizard on July 27, 2017.
             Was a Follower of Sif Muna.
             Slain by a wolf (8 damage)
             ... led by Grum
             ... on level 10 of the Dungeon.
             The game lasted 01:25:52 (14953 turns).

ampet the Cruncher (Ogre Wizard)                   Turns: 14953, Time: 01:25:52

Health: 0/102      AC:  6    Str: 14    XL:     10   Next: 54%
Magic:  18/19      EV: 10    Int: 23    God:    Sif Muna [*.....]
Gold:   317        SH:  0    Dex:  7    Spells: 1/22 levels left

rFire    . . .     SeeInvis .   n - +3 quarterstaff (chaos)
rCold    + . .     Gourm    .   (shield currently unavailable)
rNeg     . . .     Faith    .   F - +0 troll leather armour
rPois    .         Spirit   .   b - +0 hat
rElec    .         Reflect  .   o - +2 cloak
rCorr    .         Harm     .   (gloves unavailable)
MR       +....     Rnd*Tele +   (boots unavailable)
Stlth    +++.......             (no amulet)
Regen    0.7/turn               f - ring of wizardry
MPRegen  0.2/turn               h - ring of stealth

@: about to teleport
A: unfitting armour, clever 1, cold resistance 1, deformed body, teleportitis 1,
tough skin 1
a: Divine Energy, Renounce Religion


You were on level 10 of the Dungeon.
You worshipped Sif Muna.
Sif Muna was aware of your devotion.
You were not hungry.

You visited 1 branch of the dungeon, and saw 10 of its levels.

You collected 317 gold pieces.

Inventory:

Hand Weapons
 n - a +3 quarterstaff of chaos (weapon)
 w - a +0 halberd of venom
 K - a +0 quarterstaff
 L - a cursed +0 lajatang
Armour
 b - a +0 hat (worn)
 o - a +2 cloak (worn)
 F - a +0 troll leather armour (worn)
Jewellery
 f - a ring of wizardry (left hand)
 h - a ring of stealth (right hand)
Wands
 g - a wand of confusion (20/48)
 p - a wand of confusion (26/48)
 r - a wand of confusion (34/48)
 x - a wand of iceblast (9/15)
 z - a wand of enslavement (5/24)
 G - a wand of polymorph (16/24)
 J - a wand of random effects (23/48)
Scrolls
 d - 6 scrolls of teleportation
 q - 4 scrolls of remove curse
 s - a scroll of fog
 v - a scroll of recharging
 C - a scroll of enchant weapon
Potions
 i - a potion of mutation
 j - a potion of brilliance
 k - 2 potions of magic
 t - 2 potions of degeneration {unknown}
 A - a potion of flight
 B - a potion of might {unknown}
Books
 c - a book of Minor Magic

   Spells                             Type                      Level
   a - Magic Dart                     Conjuration                  1
   b - Blink                          Translocation                2
   c - Call Imp                       Summoning                    2
   d - Slow                           Hexes                        2
   e - Conjure Flame                  Conjuration/Fire             3
   f - Mephitic Cloud                 Conjuration/Poison/Air       3
 l - a book of Cantrips

   Spells                             Type                      Level
   a - Confusing Touch                Hexes                        1
   b - Animate Skeleton               Necromancy                   1
   c - Summon Small Mammal            Summoning                    1
   d - Apportation                    Translocation                1
 y - a book of Conjurations

   Spells                             Type                      Level
   a - Magic Dart                     Conjuration                  1
   b - Searing Ray                    Conjuration                  2
   c - Dazzling Spray                 Conjuration/Hexes            3
   d - Fulminant Prism                Conjuration/Hexes            4
   e - Force Lance                    Conjuration/Translocation    4
   f - Iskenderun's Mystic Blast      Conjuration                  4
 I - a book of Changes

   Spells                             Type                      Level
   a - Beastly Appendage              Transmutation                1
   b - Sticks to Snakes               Transmutation                2
   c - Spider Form                    Transmutation/Poison         3
   d - Ice Form                       Ice/Transmutation            4
   e - Blade Hands                    Transmutation                5
Comestibles
 a - a chunk of flesh
 D - 2 meat rations
 E - a bread ration


   Skills:
 * Level 7.6 Fighting
   Level 1.9(5.2) Maces & Flails
 * Level 8.4(8.6) Staves
 + Level 4.2 Dodging
 + Level 3.5 Stealth
 - Level 0.1 Unarmed Combat
 + Level 6.5 Spellcasting
 + Level 3.9 Conjurations
 + Level 0.8 Hexes
 + Level 0.8 Summonings
 + Level 1.5 Translocations
 + Level 0.3 Transmutations
 + Level 3.7 Air Magic
 + Level 3.3 Poison Magic
 + Level 0.1 Evocations


You had one spell level left.
You knew the following spells:

 Your Spells              Type           Power        Failure   Level  Hunger
a - Magic Dart            Conj           ####         1%          1    None
b - Blink                 Tloc           N/A          3%          2    None
c - Call Imp              Summ           ##......     4%          2    None
d - Mephitic Cloud        Conj/Pois/Air  ###.....     2%          3    None
e - Conjure Flame         Conj/Fire      ###.....     6%          3    None
f - Slow                  Hex            ##......     4%          2    None
g - Iskenderun's Mystic   Conj           ####....     9%          4    ###....
h - Spider Form           Tmut/Pois      ###.......   6%          3    None
i - Apportation           Tloc           ##....       2%          1    None


Dungeon Overview and Level Annotations

Branches:
Dungeon (10/15)            Temple (0/1) D:7
   Lair: D:8-11         Orc: D:9-12

Altars:
Cheibriados
Elyvilon
Hepliaklqana
Kikubaaqudgha
Nemelex Xobeh
Ru
Sif Muna
Xom
Yredelemnul

Annotations:
D:9 Grum


Innate Abilities, Weirdness & Mutations

You are too large for most types of armour.
You have tough skin. (AC +1)
Your mind is acute. (Int +2)
Your flesh is cold resistant. (rC+)
Armour fits poorly on your strangely shaped body.
You are occasionally teleported next to monsters.


Message History

The orc shouts!
The wolf closely misses you. The wolf misses you. The jelly misses you.
The jelly completely misses you. The wolf completely misses you.
Found 8 gold pieces.
The wolf barely misses you. The wolf bites you!
* * * LOW HITPOINT WARNING * * *
The wolf closely misses you.
Your transformation has ended.
Your +3 quarterstaff of chaos unmelds from your body.
Your +2 cloak unmelds from your body.
Your +0 hat unmelds from your body.
Your +0 troll leather armour unmelds from your body.
Your +3 quarterstaff of chaos is briefly surrounded by a scintillating aura of random colours.
The wolf barely misses you.
As you read the scroll of teleportation, it crumbles to dust.
You feel strangely unstable. The wolf bites you but does no damage.
The wolf bites you.
* * * LOW HITPOINT WARNING * * *
The wolf bites you!
You die...

# #. .#### ...
#.# #@# #h#
##J# #..# #o##
#####.##### #
#.........#
#.#.........#
#..<.$........#


You could see a wolf, a jelly and an orc.

Vanquished Creatures
  A deep elf mage (D:7)
  A rime drake (D:9)
  The ghost of stultus the Covert, a novice SpAs of Jiyva (D:7)
  2 trolls (D:9)
  2 hippogriffs
  A wyvern (D:8)
  Menkaure (D:7)
  The ghost of bogdani the Gusty, an amateur TeAE (D:3)
  5 orc warriors
  A sky beast (D:6)
  Duvessa (D:6)
  An ice beast (D:8)
  2 black bears
  2 phantoms
  2 ogres
  A centaur (D:9)
  2 bullfrogs
  A gnoll sergeant (D:8)
  Dowan (D:6)
  2 scorpions
  4 howler monkeys
  2 crimson imps
  A quasit (D:7)
  3 orc priests
  4 jellies
  Crazy Yiuf (D:2)
  A hound (D:9)
  A centaur skeleton (D:7)
  2 iguanas
  5 orc wizards
  Natasha (thrice) (D:2)
  5 worker ants
  2 killer bee zombies
  2 hound zombies
  A hound skeleton (D:8)
  Robin (D:2)
  3 gnolls (D:8)
  9 adders
  A shadow imp (D:5)
  2 adder zombies
  An adder skeleton (D:7)
  7 worms
  7 leopard geckos
  28 orcs
  12 bats
  6 giant cockroaches
  A goblin (shapeshifter) (D:6)
  15 goblins
  13 hobgoblins
  13 jackals
  3 quokkas
  6 ball pythons
  4 frilled lizards
  A jackal skeleton (D:5)
  6 kobolds
  A leopard gecko zombie (D:6)
  12 rats
220 creatures vanquished.

Vanquished Creatures (collateral kills)
  2 goblins
  A kobold (D:3)
3 creatures vanquished.

Grand Total: 223 creatures vanquished

Notes
Turn   | Place    | Note
-------+----------+-------------------------------------------
     0 | D:1      | ampet the Ogre Wizard began the quest for the Orb.
     0 | D:1      | Reached XP level 1. HP: 16/16 MP: 5/5
   135 | D:1      | Reached XP level 2. HP: 20/26 MP: 0/6
   141 | D:1      | Reached skill level 1 in Fighting
   151 | D:1      | Reached skill level 1 in Conjurations
   258 | D:1      | Learned a level 2 spell: Blink
   261 | D:1      | Learned a level 2 spell: Call Imp
  1020 | D:1      | Reached XP level 3. HP: 33/33 MP: 4/8
  1694 | D:1      | Learned a level 3 spell: Mephitic Cloud
  2642 | D:2      | Reached XP level 4. HP: 37/42 MP: 2/10
  2646 | D:2      | Noticed Robin
  2758 | D:2      | Noticed Natasha
  2783 | D:2      | Killed Robin
  2799 | D:2      | Killed Natasha
  3137 | D:2      | Found a runed door.
  3506 | D:2      | Noticed Natasha
  3525 | D:2      | Killed Natasha
  3525 | D:2      | Reached skill level 1 in Maces & Flails
  3525 | D:2      | Reached XP level 5. HP: 30/50 MP: 7/11
  3657 | D:2      | Noticed Natasha
  3710 | D:2      | Killed Natasha
  3904 | D:2      | Learned a level 3 spell: Conjure Flame
  3913 | D:2      | Learned a level 2 spell: Slow
  4316 | D:2      | Noticed Crazy Yiuf
  4349 | D:2      | Killed Crazy Yiuf
  4880 | D:2      | Reached XP level 6. HP: 57/61 MP: 11/13
  5190 | D:3      | Noticed bogdani's ghost (amateur TeAE)
  5207 | D:3      | Killed bogdani's ghost
  5207 | D:3      | Reached skill level 1 in Staves
  5621 | D:3      | Reached skill level 2 in Staves
  5985 | D:3      | Gained mutation: You are occasionally teleported next to monsters. [potion of mutation]
  5985 | D:3      | Gained mutation: Your mind is acute. (Int +2) [potion of mutation]
  5985 | D:3      | Gained mutation: Your flesh is cold resistant. (rC+) [potion of mutation]
  6082 | D:4      | Reached XP level 7. HP: 67/67 MP: 10/14
  6137 | D:4      | Reached skill level 5 in Spellcasting
  6207 | D:4      | Reached skill level 3 in Staves
  6679 | D:4      | Found a sparkling altar of Nemelex Xobeh.
  7072 | D:4      | Found a hazy altar of Hepliaklqana.
  7074 | D:4      | Found a shimmering altar of Xom.
  7075 | D:4      | Noticed a spectral ugly thing
  7516 | D:5      | Entered Level 5 of the Dungeon
  7745 | D:5      | Reached skill level 1 in Air Magic
  7745 | D:5      | Reached skill level 1 in Poison Magic
  8077 | D:5      | Reached XP level 8. HP: 78/78 MP: 15/15
  8169 | D:5      | Reached skill level 4 in Staves
  8521 | D:5      | Found a sacrificial altar of Ru.
  8521 | D:5      | Found an ancient bone altar of Kikubaaqudgha.
  8522 | D:5      | Found a basalt altar of Yredelemnul.
  8665 | D:5      | Reached skill level 1 in Translocations
  8907 | D:6      | Learned a level 4 spell: Iskenderun's Mystic Blast
  8983 | D:6      | Noticed Duvessa
  8983 | D:6      | Noticed Dowan
  8987 | D:6      | Killed Duvessa
  8993 | D:6      | Killed Dowan
  9151 | D:6      | Reached skill level 5 in Staves
  9224 | D:6      | Reached skill level 5 in Fighting
  9298 | D:6      | Found a snail-covered altar of Cheibriados.
  9319 | D:6      | Gained mutation: Armour fits poorly on your strangely shaped body. [mutagenic meat]
  9402 | D:6      | Found a deep blue altar of Sif Muna.
  9410 | D:6      | Became a worshipper of Sif Muna the Loreminder
 10220 | D:7      | Found a staircase to the Ecumenical Temple.
 10233 | D:7      | Noticed stultus's ghost (novice SpAs)
 10252 | D:7      | Killed stultus's ghost
 10252 | D:7      | Reached XP level 9. HP: 80/88 MP: 2/17
 10507 | D:7      | Noticed Menkaure
 10514 | D:7      | Killed Menkaure
 10749 | D:7      | Reached skill level 6 in Staves
 11324 | D:7      | Noticed a deep elf mage
 11332 | D:7      | Killed a deep elf mage
 11445 | D:7      | Learned a level 3 spell: Spider Form
 11522 | D:7      | Reached skill level 7 in Staves
 12543 | D:8      | Reached XP level 10. HP: 41/100 MP: 8/19
 13355 | D:8      | Reached * piety under Sif Muna
 13382 | D:8      | Learned a level 1 spell: Apportation
 14087 | D:9      | Reached skill level 8 in Staves
 14422 | D:9      | Found a snail-covered altar of Cheibriados.
 14423 | D:9      | Noticed Grum
 14646 | D:9      | Found a white marble altar of Elyvilon.
 14941 | D:10     | Entered Level 10 of the Dungeon
 14941 | D:10     | Noticed a two-headed ogre
 14953 | D:10     | Slain by a wolf

Skill      XL: |  1  2  3  4  5  6  7  8  9 10 |
---------------+-------------------------------+-----
Fighting       | 1 2 3 4 5 6 7 |  7.6
Conjurations   | 1 2 3 |  3.9
Dodging        | 2 3 4 |  4.2
Spellcasting   | 4 5 6 |  6.5
Maces & Flails | 1 |  1.9
Staves         | 2 3 5 7 8 |  8.4
Stealth        | 2 3 |  3.5
Air Magic      | 1 2 3 |  3.7
Poison Magic   | 1 2 3 |  3.3
Translocations | 1 |  1.5
Unarmed Combat | |  0.1
Hexes          | |  0.8
Summonings     | |  0.8
Transmutations | |  0.3
Evocations     | |  0.1

Action                   |  1- 3 |  4- 6 |  7- 9 | 10-12 || total
-------------------------+-------+-------+-------+-------++-------
Melee: Unarmed           |    32 |       |       |    49 ||    81
       Club              |    63 |    45 |       |       ||   108
       Quarterstaff      |       |    63 |   276 |    90 ||   429
 Cast: Magic Dart        |   113 |    91 |    36 |    24 ||   264
       Call Imp          |       |     5 |       |       ||     5
       Mephitic Cloud    |       |     8 |    23 |     9 ||    40
       Slow              |       |     1 |     3 |       ||     4
       Blink             |       |       |     5 |    13 ||    18
       Iskenderun's Myst |       |       |    22 |     3 ||    25
       Spider Form       |       |       |       |     8 ||     8
       Conjure Flame     |       |       |       |     3 ||     3
       Apportation       |       |       |       |     1 ||     1
Evoke: Wand              |       |       |       |     3 ||     3
  Use: Scroll            |       |     7 |     6 |     9 ||    22
       Potion            |       |     4 |     3 |     6 ||    13
 Stab: Confused          |       |       |     5 |     6 ||    11
       Sleeping          |       |       |     2 |     2 ||     4
       Petrifying        |       |       |     1 |       ||     1
       Petrified         |       |       |       |     3 ||     3
  Eat: Chunk             |     1 |     4 |     9 |       ||    14
       Bread ration      |     1 |     1 |     2 |     2 ||     6
       Royal jelly       |     1 |     1 |     2 |       ||     4
       Fruit             |       |       |     5 |       ||     5
Armor: Robe              |    40 |    50 |    81 |    23 ||   194
       Troll leather arm |       |       |       |    11 ||    11
       Skin              |       |       |       |     3 ||     3
Dodge: Dodged            |    75 |    71 |   106 |   134 ||   386
